[Event "2nd Goa GM Open 2019"]
[Site "Goa"]
[Date "2019.06.20"]
[Round "4.3"]
[White "Petrosyan, Manuel"]
[Black "Sammed Jaykumar, Shete"]
[Result "1-0"]
[ECO "A16"]
[WhiteElo "2573"]
[BlackElo "2431"]
[Annotator "ChessBase"]
[PlyCount "99"]
[EventDate "2019.06.17"]
[EventType "swiss"]
[EventCountry "IND"]
[SourceTitle "playchess.com"]
[Source "ChessBase"]
[SourceQuality "1"]
[TimeControl "5400+30"]

1. c4 Nf6 2. Nc3 d5 3. cxd5 Nxd5 4. g3 g6 5. Bg2 Nxc3 6. bxc3 c5 7. Rb1 Qc7 8. h4 Bg7 9. h5 Nd7 10. Qa4 a6 11. Nh3 Rb8 12. Nf4 e6 13. c4 O-O 14. hxg6 hxg6 15. Qc2 Ne5 16. a4 b6 17. Bb2 Bb7 18. Bxb7 Rxb7 19. Qe4 Qc6 20. Qxc6 Nxc6 21. Bxg7 Kxg7 22. Nd3 Rfb8 23. f3 a5 24. Nf2 Nb4 25. d3 Rh8 26. Rxh8 Kxh8 27. Kd2 Kg7 28. f4 f6 29. Ne4 g5 30. Rh1 gxf4 31. gxf4 Rb8 32. f5 exf5 33. Nd6 f4 34. Rf1 Rd8 35. Nf5+ Kf7 36. Rxf4 Nc6 37. Ne3 Rd6 38. Nd5 Ne7 39. e4 Ng6 40. Rf1 Ne5 41. Rb1 Nd7 42. Rh1 Nf8 43. Ke3 Kg6 44. Rb1 Nd7 45. Ne7+ Kf7 46. Nf5 Rc6 47. Rg1 Ne5 48. Rg7+ Ke8 49. Ke2 Re6 50. Ne3 1-0

[Event "2nd Goa GM Open 2019"]
[Site "Goa"]
[Date "2019.06.20"]
[Round "4.4"]
[White "Viani Antonio Dcunha"]
[Black "Deepan Chakkravarthy J."]
[Result "1/2-1/2"]
[ECO "C55"]
[WhiteElo "2362"]
[BlackElo "2557"]
[Annotator "ChessBase"]
[PlyCount "111"]
[EventDate "2019.06.17"]
[EventType "swiss"]
[EventCountry "IND"]
[SourceTitle "playchess.com"]
[Source "ChessBase"]
[SourceQuality "1"]
[TimeControl "5400+30"]

1. e4 e5 2. Nf3 Nc6 3. Bc4 Nf6 4. d3 Be7 5. O-O O-O 6. Bb3 d6 7. c3 Na5 8. Bc2 c5 9. Nbd2 Nc6 10. Re1 Re8 11. a3 Bf8 12. b4 a6 13. d4 exd4 14. cxd4 cxb4 15. d5 Ne5 16. axb4 Bd7 17. Nb3 Rc8 18. Be3 Nxf3+ 19. gxf3 Nh5 20. Nd4 g6 21. Qd2 Bg7 22. Bd3 h6 23. Rac1 Qh4 24. Ne2 Be5 25. Ng3 Nf4 26. Bf1 Bh3 27. Kh1 Rxc1 28. Rxc1 Bxf1 29. Rxf1 Qf6 30. Rc1 h5 31. Rc7 h4 32. Ne2 Nxe2 33. Qxe2 h3 34. f4 Bd4 35. Qf3 Bxe3 36. Qxe3 Kg7 37. Qxh3 Qxf4 38. Qc3+ Kg8 39. f3 g5 40. Kg2 g4 41. Rxb7 gxf3+ 42. Qxf3 Qd2+ 43. Qf2 Qg5+ 44. Qg3 Qxg3+ 45. Kxg3 Rxe4 46. Rb6 Kf8 47. Rxd6 Rxb4 48. Rxa6 Rd4 49. d6 f5 50. h4 Kg7 51. Ra7+ Kg6 52. d7 Kh5 53. Kf3 f4 54. Ra5+ Kxh4 55. Rf5 Rxd7 56. Rxf4+ 1/2-1/2

[Event "2nd Goa GM Open 2019"]
[Site "Goa"]
[Date "2019.06.20"]
[Round "4.5"]
[White "Iniyan, P."]
[Black "Mitrabha, Guha"]
[Result "1/2-1/2"]
[ECO "B10"]
[WhiteElo "2525"]
[BlackElo "2341"]
[Annotator "ChessBase"]
[PlyCount "85"]
[EventDate "2019.06.17"]
[EventType "swiss"]
[EventCountry "IND"]
[SourceTitle "playchess.com"]
[Source "ChessBase"]
[SourceQuality "1"]
[TimeControl "5400+30"]

1. e4 c6 2. Nc3 d5 3. Qf3 dxe4 4. Nxe4 Qd5 5. Ne2 Nf6 6. d3 Nbd7 7. N2c3 Qh5 8. Qg3 Nxe4 9. Nxe4 Nf6 10. Nxf6+ exf6 11. Be2 Qg6 12. Bf4 Be6 13. O-O-O Qxg3 14. Bxg3 O-O-O 15. d4 a5 16. c4 Bd6 17. Bxd6 Rxd6 18. Kc2 Rhd8 19. Kc3 Kc7 20. a3 b5 21. cxb5 cxb5 22. Bxb5 Kb6 23. Bc4 Rc8 24. b3 a4 25. d5 Rxd5 26. Rxd5 Bxd5 27. Kb4 Bxc4 28. bxc4 Re8 29. Kc3 Re2 30. Rb1+ Kc6 31. Rb2 Re8 32. Rb5 Re1 33. Kb4 g6 34. Rc5+ Kb7 35. Rd5 Re2 36. Rd7+ Kc6 37. Rxf7 Rxf2 38. g4 Rb2+ 39. Kxa4 Rxh2 40. Kb4 Rb2+ 41. Kc3 Rg2 42. Kb4 Rb2+ 43. Kc3 1/2-1/2

[Event "2nd Goa GM Open 2019"]
[Site "Goa"]
[Date "2019.06.20"]
[Round "4.6"]
[White "Sankalp Gupta"]
[Black "Kostenko, Petr"]
[Result "0-1"]
[ECO "C07"]
[WhiteElo "2359"]
[BlackElo "2473"]
[Annotator "ChessBase"]
[PlyCount "72"]
[EventDate "2019.06.17"]
[EventType "swiss"]
[EventCountry "IND"]
[SourceTitle "playchess.com"]
[Source "ChessBase"]
[SourceQuality "1"]
[TimeControl "5400+30"]

1. e4 e6 2. d4 d5 3. Nd2 c5 4. exd5 Qxd5 5. Ngf3 cxd4 6. Bc4 Qd8 7. O-O Nc6 8. Nb3 a6 9. a4 Nf6 10. Nbxd4 Nxd4 11. Nxd4 Bd6 12. h3 O-O 13. Bg5 h6 14. Bh4 Qc7 15. Qe2 Nh5 16. b3 Nf4 17. Qe4 b5 18. Bd3 Nxd3 19. Qxd3 b4 20. Rad1 Bb7 21. Ne2 Qc6 22. f3 Bc5+ 23. Bf2 Rfc8 24. Rd2 Be7 25. Nd4 Qc7 26. Rfd1 Rd8 27. Qe2 Bf6 28. Be3 Be5 29. f4 Bf6 30. Qg4 Kh8 31. f5 exf5 32. Nxf5 Rxd2 33. Rxd2 Re8 34. Bd4 Re1+ 35. Kf2 Re4 36. Qg3 Qf4+ 0-1

[Event "2nd Goa GM Open 2019"]
[Site "Goa"]
[Date "2019.06.20"]
[Round "4.10"]
[White "Jojua, Davit"]
[Black "Bharath Subramaniyam H"]
[Result "0-1"]
[ECO "A61"]
[WhiteElo "2580"]
[BlackElo "2383"]
[Annotator "ChessBase"]
[PlyCount "83"]
[EventDate "2019.06.17"]
[EventType "swiss"]
[EventCountry "IND"]
[SourceTitle "playchess.com"]
[Source "ChessBase"]
[SourceQuality "1"]
[TimeControl "5400+30"]

1. d4 Nf6 2. c4 e6 3. Nc3 c5 4. d5 exd5 5. cxd5 d6 6. Nf3 g6 7. h3 Bg7 8. e4 O-O 9. Bd3 b5 10. Nxb5 Re8 11. O-O Nxe4 12. Qa4 a6 13. Bxe4 Bd7 14. Re1 Bxb5 15. Qb3 c4 16. Qb4 c3 17. bxc3 Qc7 18. Bd2 Nd7 19. Bc2 Nb6 20. Bb3 Be2 21. Qf4 Bc4 22. Ng5 h6 23. Ne4 Nxd5 24. Qf3 Rad8 25. Rad1 f5 26. Ng3 Nb6 27. h4 h5 28. Ne2 d5 29. Nf4 Qf7 30. Rxe8+ Rxe8 31. Be3 Nd7 32. Nxg6 Qxg6 33. Bxc4 dxc4 34. Rxd7 Bxc3 35. Qf4 Re4 36. Qb8+ Re8 37. Qc7 Qe6 38. Qg3+ Kh8 39. Rd6 Be5 40. Rxe6 Rxe6 41. Qg5 c3 42. Qxf5 0-1

[Event "2nd Goa GM Open 2019"]
[Site "Goa"]
[Date "2019.06.20"]
[Round "4.12"]
[White "Rahul Srivatshav P"]
[Black "Burmakin, Vladimir"]
[Result "1/2-1/2"]
[ECO "A13"]
[WhiteElo "2395"]
[BlackElo "2526"]
[Annotator "ChessBase"]
[PlyCount "99"]
[EventDate "2019.06.17"]
[EventType "swiss"]
[EventCountry "IND"]
[SourceTitle "playchess.com"]
[Source "ChessBase"]
[SourceQuality "1"]
[TimeControl "5400+30"]

1. c4 e6 2. Nf3 Nf6 3. g3 b6 4. Bg2 Bb7 5. O-O d5 6. b3 Be7 7. Bb2 O-O 8. e3 dxc4 9. bxc4 c5 10. Nc3 Nc6 11. Qe2 Rc8 12. Rfd1 Qc7 13. h3 Rfd8 14. d3 Qb8 15. g4 Qa8 16. g5 Ne8 17. Ne4 Nb4 18. Ne5 Nxd3 19. Rxd3 Bxe4 20. Qh5 g6 21. Qh4 Bxg2 22. Qf4 f6 23. Nd7 Bxh3 24. Qg3 Bf5 25. gxf6 Rxd7 26. f7+ Kxf7 27. Rxd7 Qe4 28. Rad1 Rc7 29. Be5 Rxd7 30. Rxd7 Nf6 31. Rxa7 Qxc4 32. Qg5 Qc1+ 33. Kh2 Ng4+ 34. Kg2 Be4+ 35. Kg3 Qg1+ 36. Kf4 Qxf2+ 37. Kxe4 Qf5+ 38. Qxf5+ exf5+ 39. Kf4 Nxe5 40. Kxe5 b5 41. a3 h5 42. Rb7 c4 43. Rxb5 Bxa3 44. Rb7+ Be7 45. Rc7 c3 46. e4 fxe4 47. Kxe4 Ke6 48. Rxc3 g5 49. Rg3 Kf6 50. Rxg5 1/2-1/2

[Event "2nd Goa GM Open 2019"]
[Site "Goa"]
[Date "2019.06.20"]
[Round "4.13"]
[White "Raja Rithvik R"]
[Black "Malakhatko, Vadim"]
[Result "0-1"]
[ECO "A11"]
[WhiteElo "2381"]
[BlackElo "2505"]
[Annotator "ChessBase"]
[PlyCount "108"]
[EventDate "2019.06.17"]
[EventType "swiss"]
[EventCountry "IND"]
[SourceTitle "playchess.com"]
[Source "ChessBase"]
[SourceQuality "1"]
[TimeControl "5400+30"]

1. c4 c6 2. Nf3 d5 3. e3 Nf6 4. Nc3 a6 5. Qc2 e6 6. b3 c5 7. Bb2 Nc6 8. a3 d4 9. exd4 cxd4 10. Ne4 Nxe4 11. Qxe4 f5 12. Qe2 Be7 13. g3 Bf6 14. d3 O-O 15. Bg2 e5 16. O-O Re8 17. Nd2 Be6 18. b4 e4 19. Rfe1 Bf7 20. Rab1 exd3 21. Qxd3 Qd7 22. Nf3 Rac8 23. Rxe8+ Rxe8 24. Rd1 Rd8 25. Re1 h6 26. h4 f4 27. Kh2 fxg3+ 28. fxg3 Be6 29. Nd2 Ne5 30. Qe4 b5 31. cxb5 axb5 32. Qb1 Ng4+ 33. Kh1 Ne3 34. Ne4 Be7 35. Qd3 Nxg2 36. Kxg2 Qd5 37. Kh2 Qf5 38. Qf1 Qxf1 39. Rxf1 d3 40. Rd1 Bf5 41. Nf2 Rd5 42. Kg2 g5 43. h5 g4 44. Bc1 Kg7 45. Bf4 Bg5 46. Bxg5 hxg5 47. Rd2 Kf6 48. Nd1 Ke5 49. Ne3 Be4+ 50. Kf2 Rd8 51. Nxg4+ Kd4 52. h6 Kc3 53. Ke3 Bg6 54. Nf6 Rd6 {[%emt 0:00:16] Kd4+} 0-1

[Event "2nd Goa GM Open 2019"]
[Site "Goa"]
[Date "2019.06.20"]
[Round "4.14"]
[White "Rohith Krishna S"]
[Black "Anurag, Mhamal"]
[Result "1/2-1/2"]
[ECO "A05"]
[WhiteElo "2347"]
[BlackElo "2497"]
[Annotator "ChessBase"]
[PlyCount "59"]
[EventDate "2019.06.17"]
[EventType "swiss"]
[EventCountry "IND"]
[SourceTitle "playchess.com"]
[Source "ChessBase"]
[SourceQuality "1"]
[TimeControl "5400+30"]

1. Nf3 Nf6 2. d4 c5 3. e3 g6 4. Be2 Bg7 5. O-O cxd4 6. exd4 O-O 7. d5 d6 8. c4 Ne4 9. Qc2 Nc5 10. Be3 Bf5 11. Qd2 Ne4 12. Qc1 Na6 13. Nd4 Bd7 14. Nc3 Nxc3 15. Qxc3 Nc5 16. Rfd1 a5 17. Qd2 a4 18. Bh6 Ne4 19. Qe3 Bxh6 20. Qxh6 Nf6 21. Qd2 Qb6 22. Rac1 Rfc8 23. Bf1 Re8 24. h3 Rf8 25. Be2 Rfc8 26. Bf1 Re8 27. Qe3 Qa5 28. Qd2 Qb6 29. Qe3 Qa5 30. Qd2 1/2-1/2

[Event "2nd Goa GM Open 2019"]
[Site "Goa"]
[Date "2019.06.20"]
[Round "4.15"]
[White "Sidhant, Mohapatra"]
[Black "Kunte, Abhijit"]
[Result "1/2-1/2"]
[ECO "C84"]
[WhiteElo "2351"]
[BlackElo "2478"]
[Annotator "ChessBase"]
[PlyCount "36"]
[EventDate "2019.06.17"]
[EventType "swiss"]
[EventCountry "IND"]
[SourceTitle "playchess.com"]
[Source "ChessBase"]
[SourceQuality "1"]
[TimeControl "5400+30"]

1. e4 e5 2. Nf3 Nc6 3. Bb5 a6 4. Ba4 Nf6 5. O-O Be7 6. d3 d6 7. c3 O-O 8. Nbd2 Re8 9. Re1 Bf8 10. Nf1 h6 11. Ng3 b5 12. Bc2 g6 13. h3 Bd7 14. Bd2 Bg7 15. Qc1 Kh7 16. Qd1 Kg8 17. Qc1 Kh7 18. Qd1 Kg8 1/2-1/2

[Event "2nd Goa GM Open 2019"]
[Site "Goa"]
[Date "2019.06.20"]
[Round "4.16"]
[White "Vignesh N R"]
[Black "Ram, S. Krishnan"]
[Result "1/2-1/2"]
[ECO "B76"]
[WhiteElo "2459"]
[BlackElo "2152"]
[Annotator "ChessBase"]
[PlyCount "62"]
[EventDate "2019.06.17"]
[EventType "swiss"]
[EventCountry "IND"]
[SourceTitle "playchess.com"]
[Source "ChessBase"]
[SourceQuality "1"]
[TimeControl "5400+30"]

1. e4 c5 2. Nf3 d6 3. d4 cxd4 4. Nxd4 Nf6 5. Nc3 g6 6. Be3 Bg7 7. f3 O-O 8. Qd2 Nc6 9. O-O-O Nxd4 10. Bxd4 Be6 11. Kb1 Qc7 12. h4 Rfc8 13. h5 Qa5 14. a3 Rab8 15. hxg6 hxg6 16. Ne2 Qxd2 17. Rxd2 a6 18. Nf4 Nd7 19. Nxe6 fxe6 20. Ba7 Ra8 21. Be3 Kf7 22. Be2 Rh8 23. Rdd1 Rxh1 24. Rxh1 Rh8 25. Rxh8 Bxh8 26. c4 Ne5 27. Kc2 Nc6 28. b4 Nd4+ 29. Kd3 Nxe2 30. Kxe2 Ke8 31. Kd3 Kd7 1/2-1/2

[Event "2nd Goa GM Open 2019"]
[Site "Goa"]
[Date "2019.06.20"]
[Round "4.17"]
[White "Rathnakaran, K.."]
[Black "Nguyen, Van Huy"]
[Result "0-1"]
[ECO "B10"]
[WhiteElo "2338"]
[BlackElo "2456"]
[Annotator "ChessBase"]
[PlyCount "62"]
[EventDate "2019.06.17"]
[EventType "swiss"]
[EventCountry "IND"]
[SourceTitle "playchess.com"]
[Source "ChessBase"]
[SourceQuality "1"]
[TimeControl "5400+30"]

1. e4 c6 2. d3 d5 3. Nd2 e5 4. g3 Bd6 5. Bg2 Nf6 6. Ngf3 O-O 7. O-O Bg4 8. h3 Bh5 9. Qe1 Nbd7 10. Nh4 Re8 11. f4 exf4 12. gxf4 dxe4 13. dxe4 Be7 14. Nf5 Bc5+ 15. Kh2 Bg6 16. Ng3 Nxe4 17. Ndxe4 f5 18. Qc3 fxe4 19. Rd1 Bf2 20. f5 e3 21. Kh1 Bxg3 22. Bxe3 Bxf5 23. Qb3+ Be6 24. Qxb7 Qh4 25. Rd4 Qh5 26. Qxc6 Rac8 27. Qb7 Nf6 28. Qf3 Qxf3 29. Bxf3 Bxh3 30. Rd3 Bf5 31. Rb3 Bxc2 0-1

[Event "2nd Goa GM Open 2019"]
[Site "Goa"]
[Date "2019.06.20"]
[Round "4.18"]
[White "Khusenkhojaev, Muhammad"]
[Black "Aaryan Varshney"]
[Result "1/2-1/2"]
[ECO "D58"]
[WhiteElo "2446"]
[BlackElo "2196"]
[Annotator "NA"]
[PlyCount "144"]
[EventDate "2019.06.17"]
[EventType "swiss"]
[EventCountry "IND"]
[SourceTitle "playchess.com"]
[Source "ChessBase"]
[SourceQuality "1"]
[TimeControl "5400+30"]

1. Nf3 Nf6 2. c4 e6 3. Nc3 d5 4. d4 Be7 5. Bg5 O-O 6. e3 h6 7. Bh4 b6 8. Rc1 Bb7 9. cxd5 Nxd5 10. Bxe7 Qxe7 11. Be2 Nf6 12. O-O Nbd7 13. Qa4 c5 14. Qa3 Rfc8 15. Na4 Ne4 16. Bb5 Ng5 17. Ne1 Ne4 18. f3 Nd6 19. Bxd7 Qxd7 20. dxc5 Ba6 21. Rf2 Nc4 22. Qb3 b5 23. Nc3 Rc7 24. c6 Rxc6 25. Rd1 Rc5 26. Nd3 Qc7 27. g4 Rg5 28. Re1 Ne5 29. Ne4 Nxd3 30. Qxd3 Rd5 31. Qc3 Qxc3 32. Nxc3 Rd3 33. Rc2 Rc8 34. a3 Bb7 35. Kf2 a5 36. Rec1 b4 37. axb4 axb4 38. Ne2 Rxc2 39. Rxc2 b3 40. Rc7 Ba6 41. Rc6 Bb5 42. Rc5 Ba6 43. Rc6 Bb5 44. Rc5 Ba6 45. Ra5 Bb7 46. Rb5 Bc6 47. Rb8+ Kh7 48. Nd4 Bd5 49. Rb4 Rd2+ 50. Ke1 Rxb2 51. e4 Ba8 52. h4 Rb1+ 53. Kd2 b2 54. h5 e5 55. Nc2 Rf1 56. Ne1 g6 57. hxg6+ Kxg6 58. Ke2 Rh1 59. Kf2 h5 60. gxh5+ Rxh5 61. Rxb2 Rh8 62. Rb6+ Kg5 63. Nd3 f6 64. Kg3 Rc8 65. Rd6 Rc3 66. Rd8 Bb7 67. Nf2 f5 68. Re8 fxe4 69. Rxe5+ Kf6 70. Rxe4 Rxf3+ 71. Kxf3 Bxe4+ 72. Nxe4+ Ke5 1/2-1/2

[Event "2nd Goa GM Open 2019"]
[Site "Goa"]
[Date "2019.06.20"]
[Round "4.21"]
[White "Gajwa Ankit"]
[Black "Turov, Maxim"]
[Result "1/2-1/2"]
[ECO "B32"]
[WhiteElo "2273"]
[BlackElo "2579"]
[Annotator "ChessBase"]
[PlyCount "60"]
[EventDate "2019.06.17"]
[EventType "swiss"]
[EventCountry "IND"]
[SourceTitle "playchess.com"]
[Source "ChessBase"]
[SourceQuality "1"]
[TimeControl "5400+30"]

1. e4 c5 2. Nf3 Nc6 3. d4 cxd4 4. Nxd4 e5 5. Nb5 d6 6. N1c3 a6 7. Na3 Be7 8. Nc4 b5 9. Ne3 Nf6 10. g3 h5 11. Bg2 h4 12. O-O hxg3 13. fxg3 Nd4 14. Ncd5 Nxd5 15. Nxd5 Be6 16. c3 Nc6 17. Be3 Rb8 18. a4 b4 19. a5 bxc3 20. bxc3 O-O 21. Qe2 Rb5 22. Bb6 Qc8 23. Nc7 Rb3 24. Qxa6 Qxa6 25. Nxa6 Bc4 26. Nc7 Bxf1 27. Bxf1 Rb8 28. Bb5 Nxa5 29. Bxa5 R3xb5 30. Nxb5 Rxb5 1/2-1/2

[Event "2nd Goa GM Open 2019"]
[Site "Goa"]
[Date "2019.06.20"]
[Round "4.22"]
[White "Paichadze, Luka"]
[Black "Bhambure, Shantanu"]
[Result "1-0"]
[ECO "B53"]
[WhiteElo "2557"]
[BlackElo "2248"]
[Annotator "ChessBase"]
[PlyCount "91"]
[EventDate "2019.06.17"]
[EventType "swiss"]
[EventCountry "IND"]
[SourceTitle "playchess.com"]
[Source "ChessBase"]
[SourceQuality "1"]
[TimeControl "5400+30"]

1. e4 c5 2. Nf3 d6 3. d4 cxd4 4. Qxd4 a6 5. h3 Nc6 6. Qe3 g6 7. c4 Bg7 8. Be2 Nf6 9. O-O O-O 10. Nc3 Nd7 11. Rb1 Nde5 12. Rd1 Nxf3+ 13. Bxf3 f5 14. exf5 Bxf5 15. Be4 Qd7 16. Nd5 Rad8 17. b3 e6 18. Nb6 Qf7 19. Bxf5 gxf5 20. f4 d5 21. cxd5 exd5 22. Qg3 Rfe8 23. Bb2 d4 24. Nc4 Qd5 25. Rd3 b5 26. Nd2 Nb4 27. Rxd4 Qc5 28. Nf3 Nc6 29. Rc1 Nb4 30. Rb1 Nc6 31. Rc1 Qxc1+ 32. Bxc1 Nxd4 33. Nxd4 Rxd4 34. Bb2 Rd1+ 35. Kh2 Rd7 36. a4 bxa4 37. bxa4 Rf8 38. Qb3+ Rdf7 39. Be5 Re8 40. Bd6 h6 41. Qc4 a5 42. Qb5 Re6 43. Qd5 Rg6 44. Be5 Bxe5 45. fxe5 Ra6 46. e6 1-0

[Event "2nd Goa GM Open 2019"]
[Site "Goa"]
[Date "2019.06.20"]
[Round "4.23"]
[White "Aakanksha Hagawane"]
[Black "Debashis, Das"]
[Result "1/2-1/2"]
[ECO "B01"]
[WhiteElo "2271"]
[BlackElo "2544"]
[Annotator "ChessBase"]
[PlyCount "97"]
[EventDate "2019.06.17"]
[EventType "swiss"]
[EventCountry "IND"]
[SourceTitle "playchess.com"]
[Source "ChessBase"]
[SourceQuality "1"]
[TimeControl "5400+30"]

1. e4 d5 2. exd5 Qxd5 3. Nc3 Qd6 4. d4 Nf6 5. Nf3 c6 6. Ne5 Nbd7 7. Nc4 Qc7 8. a4 g6 9. a5 Nd5 10. Nxd5 cxd5 11. Ne3 Nf6 12. Bd3 Bg7 13. O-O O-O 14. Bd2 Rd8 15. c3 Bd7 16. Re1 Bc6 17. f4 e6 18. Ng4 Ne4 19. Ne5 Nd6 20. Qe2 Rac8 21. Nxc6 Qxc6 22. b4 Qd7 23. Kh1 Rc7 24. Ra3 Re8 25. Qf3 f5 26. g3 Qf7 27. Kg2 Bf8 28. Qe3 Qd7 29. Qe2 Qc8 30. Qf3 Be7 31. Kh1 Bd8 32. Rc1 Rf8 33. Re1 Rg7 34. Qe3 Ne4 35. Bxe4 fxe4 36. Raa1 g5 37. Rg1 Rff7 38. Qe2 gxf4 39. gxf4 Bc7 40. Rxg7+ Rxg7 41. Rg1 Qf8 42. Rxg7+ Qxg7 43. Qb5 Qg4 44. Qe8+ Kg7 45. Qe7+ Kg6 46. Qe8+ Kg7 47. Qe7+ Kg6 48. Qe8+ Kg7 49. Qe7+ 1/2-1/2

[Event "2nd Goa GM Open 2019"]
[Site "Goa"]
[Date "2019.06.20"]
[Round "4.24"]
[White "Wagh Suyog"]
[Black "Fier, Alexandr"]
[Result "0-1"]
[ECO "E68"]
[WhiteElo "2250"]
[BlackElo "2543"]
[Annotator "ChessBase"]
[PlyCount "96"]
[EventDate "2019.06.17"]
[EventType "swiss"]
[EventCountry "IND"]
[SourceTitle "playchess.com"]
[Source "ChessBase"]
[SourceQuality "1"]
[TimeControl "5400+30"]

1. c4 Nf6 2. Nc3 g6 3. g3 Bg7 4. Bg2 O-O 5. Nf3 d6 6. d4 Nbd7 7. O-O e5 8. e4 exd4 9. Nxd4 Re8 10. h3 Nc5 11. Re1 Bd7 12. Bf4 h6 13. g4 h5 14. f3 hxg4 15. hxg4 Ne6 16. Be3 Nxd4 17. Bxd4 Be6 18. Nd5 Bxd5 19. cxd5 Nd7 20. b4 a5 21. a3 Bxd4+ 22. Qxd4 Ne5 23. Rac1 axb4 24. axb4 Ra2 25. Qe3 Qh4 26. Re2 Rea8 27. Rf1 g5 28. Qf2 Qxf2+ 29. Rexf2 Nd3 30. Rxa2 Rxa2 31. Rd1 Nf4 32. Bf1 Rc2 33. Rd4 Kg7 34. Rc4 Rxc4 35. Bxc4 Kf6 36. Kf2 Ke5 37. Ke3 Ng2+ 38. Kf2 Kd4 39. Bf1 Nf4 40. b5 b6 41. Kg3 Ke3 42. Bc4 f6 43. Bf1 Ng6 44. Bg2 Ke2 45. Bh1 Nf4 46. Bg2 Ke1 47. Bh3 Nxh3 48. Kxh3 Kf2 0-1

[Event "2nd Goa GM Open 2019"]
[Site "Goa"]
[Date "2019.06.20"]
[Round "4.25"]
[White "Deshpande, Aniruddha"]
[Black "Gukesh D"]
[Result "0-1"]
[ECO "D78"]
[WhiteElo "2242"]
[BlackElo "2543"]
[Annotator "ChessBase"]
[PlyCount "62"]
[EventDate "2019.06.17"]
[EventType "swiss"]
[EventCountry "IND"]
[SourceTitle "playchess.com"]
[Source "ChessBase"]
[SourceQuality "1"]
[TimeControl "5400+30"]

1. d4 Nf6 2. c4 g6 3. g3 c6 4. Bg2 d5 5. Nf3 Bg7 6. O-O O-O 7. Qb3 dxc4 8. Qxc4 Bf5 9. Nc3 Nbd7 10. e3 Ne4 11. Nh4 Be6 12. Qe2 Nxc3 13. bxc3 Qa5 14. Bd2 Nb6 15. Rfb1 Bc4 16. Qe1 e5 17. Bf1 Bxf1 18. Kxf1 Nc4 19. Rb4 Qa6 20. Kg1 exd4 21. exd4 Rfe8 22. Qc1 c5 23. dxc5 Bf8 24. Qe1 Bg7 25. Qc1 Bf8 26. Rab1 Bxc5 27. Rxb7 Bb6 28. Rd7 Re2 29. Be1 Ne5 30. Re7 Nd3 31. Qg5 Nxe1 0-1

[Event "2nd Goa GM Open 2019"]
[Site "Goa"]
[Date "2019.06.20"]
[Round "4.26"]
[White "Venkatesh, M.R."]
[Black "Shelke Sankarsha"]
[Result "1-0"]
[ECO "A08"]
[WhiteElo "2490"]
[BlackElo "2239"]
[Annotator "ChessBase"]
[PlyCount "97"]
[EventDate "2019.06.17"]
[EventType "swiss"]
[EventCountry "IND"]
[SourceTitle "playchess.com"]
[Source "ChessBase"]
[SourceQuality "1"]
[TimeControl "5400+30"]

1. e4 c5 2. Nf3 e6 3. d3 Nc6 4. g3 d5 5. Nbd2 Nf6 6. Bg2 Be7 7. O-O O-O 8. Re1 b5 9. e5 Nd7 10. Nf1 b4 11. h4 a5 12. Bf4 a4 13. a3 bxa3 14. bxa3 Nd4 15. N1h2 Ba6 16. Nxd4 cxd4 17. Qg4 Kh8 18. Nf3 Qb6 19. Bg5 Bc5 20. Rab1 Qa7 21. Bc1 Nb8 22. Ng5 Nc6 23. Bxd5 f5 24. exf6 exd5 25. f7 Rxf7 26. Nxf7+ Qxf7 27. Qe6 Qxe6 28. Rxe6 Rc8 29. Bf4 Kg8 30. Bd6 Ba7 31. f4 Kf7 32. f5 Re8 33. Rbe1 Rc8 34. g4 Bb8 35. g5 Bxd6 36. Rxd6 Rc7 37. g6+ hxg6 38. fxg6+ Kf8 39. Rde6 Rc8 40. Rf1+ Kg8 41. Rb1 Kf8 42. h5 Kg8 43. Kh2 Kf8 44. Kg3 Kg8 45. Kh4 Kf8 46. Kg5 Kg8 47. h6 gxh6+ 48. Kxh6 Kh8 49. Rbe1 1-0

[Event "2nd Goa GM Open 2019"]
[Site "Goa"]
[Date "2019.06.20"]
[Round "4.27"]
[White "Nguyen, Phuoc Tam"]
[Black "Gagare, Shardul"]
[Result "0-1"]
[ECO "D52"]
[WhiteElo "2238"]
[BlackElo "2482"]
[Annotator "ChessBase"]
[PlyCount "72"]
[EventDate "2019.06.17"]
[EventType "swiss"]
[EventCountry "IND"]
[SourceTitle "playchess.com"]
[Source "ChessBase"]
[SourceQuality "1"]
[TimeControl "5400+30"]

1. d4 d5 2. Nf3 Nf6 3. c4 c6 4. Nc3 e6 5. Bg5 Nbd7 6. e3 Qa5 7. Nd2 Bb4 8. Qc2 O-O 9. Bxf6 Nxf6 10. Bd3 Rd8 11. O-O Qc7 12. cxd5 exd5 13. Nf3 Bd6 14. h3 Re8 15. Rab1 Qe7 16. Bf5 Ne4 17. Bxc8 Raxc8 18. Qe2 f5 19. Nxe4 fxe4 20. Nd2 Qe6 21. b4 b5 22. a3 Bb8 23. Rbc1 Qd6 24. g3 Re6 25. Rc3 Rg6 26. Rfc1 Qd7 27. Kg2 Rf8 28. Qh5 Rf5 29. Qh4 Rgf6 30. Rf1 Qf7 31. Kg1 h5 32. g4 Qg6 33. f4 exf3 34. Kf2 Rg5 35. Rg1 Bh2 36. Rcc1 Qd3 0-1

[Event "2nd Goa GM Open 2019"]
[Site "Goa"]
[Date "2019.06.20"]
[Round "4.28"]
[White "Rahman, Ziaur"]
[Black "Deshmukh, Anup"]
[Result "1-0"]
[ECO "A45"]
[WhiteElo "2481"]
[BlackElo "2229"]
[Annotator "ChessBase"]
[PlyCount "99"]
[EventDate "2019.06.17"]
[EventType "swiss"]
[EventCountry "IND"]
[SourceTitle "playchess.com"]
[Source "ChessBase"]
[SourceQuality "1"]
[TimeControl "5400+30"]

1. d4 Nf6 2. Bg5 d5 3. e3 Nbd7 4. Nf3 g6 5. Nbd2 Bg7 6. Be2 O-O 7. O-O c6 8. c4 h6 9. Bh4 Ne4 10. Rc1 g5 11. Bg3 Nxg3 12. hxg3 e5 13. cxd5 cxd5 14. dxe5 Nxe5 15. Nd4 g4 16. Qc2 Qg5 17. Bd3 Bd7 18. Bf5 Rac8 19. Qb1 Bxf5 20. Qxf5 Nc4 21. N2b3 Qxf5 22. Nxf5 Bxb2 23. Rcd1 Kh7 24. Rxd5 Rfd8 25. Rfd1 Bf6 26. f4 gxf3 27. gxf3 a5 28. Kf2 b5 29. Rxd8 Rxd8 30. Rh1 Bg7 31. Nbd4 Bf8 32. g4 Kg6 33. Nxb5 Rd2+ 34. Kg3 Rxa2 35. Rc1 Ne5 36. Nh4+ Kh7 37. f4 Rb2 38. Nd4 Nd3 39. Rc7 Kg8 40. Rc8 Nc5 41. Kf3 a4 42. Nhf5 Nd7 43. Nxh6+ Kh7 44. Nxf7 a3 45. Ng5+ Kg8 46. Ra8 Nb6 47. Ra7 Nd5 48. Nde6 Rb3 49. Ra8 Rxe3+ 50. Kf2 1-0

[Event "2nd Goa GM Open 2019"]
[Site "Goa"]
[Date "2019.06.20"]
[Round "4.30"]
[White "Srihari L R"]
[Black "Himanshu, Sharma"]
[Result "1/2-1/2"]
[ECO "D11"]
[WhiteElo "2214"]
[BlackElo "2446"]
[Annotator "NA"]
[PlyCount "179"]
[EventDate "2019.06.17"]
[EventType "swiss"]
[EventCountry "IND"]
[SourceTitle "playchess.com"]
[Source "ChessBase"]
[SourceQuality "1"]
[TimeControl "5400+30"]

1. d4 d5 2. c4 c6 3. Nf3 Nf6 4. Qc2 g6 5. Bf4 Bg7 6. e3 Bf5 7. Qb3 Qb6 8. Nc3 O-O 9. Be2 Nbd7 10. h3 h6 11. Nd2 Rfe8 12. g4 Be6 13. Qc2 a5 14. O-O-O Qa7 15. e4 dxc4 16. Be3 Nd5 17. exd5 Bxd5 18. Nxc4 Bxh1 19. d5 Qb8 20. Rxh1 cxd5 21. Nxd5 b5 22. Ncb6 Nxb6 23. Nxb6 Qb7 24. Rd1 Rac8 25. Nxc8 Rxc8 26. Bc5 e6 27. Rd3 b4 28. Rd6 Bf8 29. Ba6 Bxd6 30. Bxb7 Rxc5 31. Kd1 Rxc2 32. Kxc2 Kg7 33. Kd3 Kf6 34. Ke4 Kg5 35. Kf3 Be5 36. b3 h5 37. Bc6 h4 38. Be8 f5 39. gxf5 gxf5 40. Bd7 Kf6 41. Ke3 Bc7 42. f4 Bb6+ 43. Kf3 Ke7 44. Bb5 Kd6 45. Bc4 e5 46. fxe5+ Kxe5 47. Bb5 Bd8 48. Bd7 Bg5 49. Bc8 Bd2 50. Ke2 Bf4 51. Kf3 Bg3 52. Bd7 f4 53. Be8 Kd4 54. Bc6 Kc3 55. Ke2 Bh2 56. Bd5 Kb2 57. Bc6 Kxa2 58. Ba4 Kb2 59. Kf3 Kc2 60. Ke2 Bg3 61. Kf3 Kd3 62. Bd7 Kc3 63. Ba4 Kd2 64. Bd7 Ke1 65. Bb5 Bh2 66. Kg2 Bg3 67. Kf3 Kd2 68. Bd7 Kd3 69. Bc6 Kd4 70. Bd7 Ke5 71. Bc6 Be1 72. Ke2 Bc3 73. Kf3 Bd4 74. Be8 Bb6 75. Bc6 Bd8 76. Be8 Bg5 77. Bc6 Kd4 78. Bd7 Kc3 79. Ba4 Kd2 80. Kf2 Bd8 81. Kf3 Bc7 82. Kf2 Bb6+ 83. Kf3 Be3 84. Bd7 Ke1 85. Bb5 Bd2 86. Kg2 Bc3 87. Kf3 Be5 88. Kg2 Bf6 89. Kf3 Bg5 90. Ke4 1/2-1/2